 Dungeon Crawl Stone Soup version 0.30-a0-989-g0d87f670db (webtiles) character file.

Game seed: 9590890284599732260

1789 CowFu the Ruffian (level 8, -2/66 HPs)
             Began as a Red Draconian Transmuter on Apr 3, 2023.
             Was a Believer of Wu Jian.
             Killed from afar by a steam dragon (20 damage)
             ... with a ball of steam
             ... on level 7 of the Dungeon.
             The game lasted 00:13:15 (6749 turns).

CowFu the Ruffian (Red Draconian Transmuter)        Turns: 6749, Time: 00:13:16

Health: -2/66      AC:  6    Str: 14    XL:     8   Next: 82%
Magic:  6/11       EV: 23    Int: 13    God:    Wu Jian [**....]
Gold:   980        SH:  0    Dex: 18    Spells: 5/11 levels left

rFire   . . .      SeeInvis .      - Unarmed
rCold   . . .      Faith    .    (shield currently unavailable)
rNeg    . . .      Spirit   .    (body armour unavailable)
rPois   .          Reflect  .    (helmet currently unavailable)
rElec   .          Rampage  .    f - melded +0 cloak
rCorr   .                        D - melded +1 pair of gloves
Will    .....                    b - melded +0 pair of boots
Stlth   ++                       r - amulet of regeneration
HPRegen 1.11/turn                q - +4 ring of protection
MPRegen 0.12/turn                z - ring of poison resistance

@: spider-form (expiring)
A: venomous fangs, (breathe fire), AC +6, tiny, unfitting armour, (fire
resistance 1), (cold-blooded)
a: End Transformation, Renounce Religion, Wall Jump


You were on level 7 of the Dungeon.
You worshipped Wu Jian.
Wu Jian was pleased with you.
You were a venomous arachnid creature.
You visited 2 branches of the dungeon, and saw 8 of its levels.
You also visited: Sewer.

You collected 1112 gold pieces.
You spent 132 gold pieces at shops.

Inventory:

Armour
 b - a +0 pair of boots (melded)
 f - a +0 cloak (melded)
 D - a +1 pair of gloves (melded)
Jewellery
 q - a +4 ring of protection (left front pincers)
 r - an amulet of regeneration (around neck)
 s - a ring of resist corrosion
 z - a ring of poison resistance (right front pincers)
 C - a ring of protection from cold
 F - a ring of protection from fire
 G - a +6 ring of strength
Wands
 c - a wand of polymorph (6)
 i - a wand of quicksilver (16)
 u - a wand of charming (10)
 B - a wand of roots (14)
Scrolls
 l - a scroll of torment
 m - 2 scrolls of teleportation
 t - 2 scrolls of amnesia
 x - a scroll of magic mapping
 y - a scroll of enchant armour {unknown}
 A - a scroll of blinking {unknown}
 E - a scroll of identify
 H - a scroll of enchant weapon {unknown}
Potions
 a - a potion of lignification
 d - 2 potions of degeneration {unknown}
 e - a potion of cancellation
 g - 9 potions of curing
 h - 4 potions of haste
 j - a potion of flight {unknown}
 k - 3 potions of mutation
 n - 2 potions of brilliance
 o - a potion of heal wounds {unknown}
 p - a potion of attraction {unknown}
 v - 2 potions of might {unknown}
 w - a potion of resistance {unknown}
 I - 2 potions of invisibility {unknown}


   Skills:
 - Level 4.0 Fighting
 + Level 5.8 Dodging
 + Level 6.8 Unarmed Combat
 - Level 2.0 Spellcasting
 + Level 6.4 Transmutations
 + Level 1.8 Evocations


You had 5 spell levels left.
You knew the following spells:

 Your Spells              Type           Power      Damage    Failure   Level
a - Beastly Appendage     Tmut           34%        N/A       8%          1
b - Spider Form           Tmut/Pois      9%         N/A       41%         3
c - Passwall              Tmut/Erth      7%         N/A       26%         2

Your spell library contained the following spells:

 Spells                   Type           Power      Damage    Failure   Level
 Wereblood                Tmut           17%        N/A       10%         2
 Summon Small Mammal      Summ           4%         N/A       47%         1
 Blink                    Tloc           2%         N/A       58%         2
 Cigotuvi's Dreadful Rot  Necr/Pois/Air  2%         N/A       58%         2
 Lesser Beckoning         Tloc           2%         N/A       58%         2
 Momentum Strike          Conj/Tloc      2%         3d8       58%         2
 Poisonous Vapours        Pois/Air       2%         N/A       58%         2
 Ice Form                 Ice/Tmut       9%         N/A       77%         4
 Call Canine Familiar     Summ           1%         N/A       78%         3
 Kindle Blastsparks       Fire/Tloc/Air  2%         2d10      78%         3
 Mephitic Cloud           Conj/Pois/Air  1%         N/A       78%         3
 Summon Guardian Golem    Hex/Summ       1%         N/A       78%         3
 Flame Wave               Conj/Fire      1%         2d4       98%         4
 Fulminant Prism          Conj/Hex       0%         3d5       98%         4
 Iskenderun's Mystic Bla  Conj/Tloc      1%         2d3       98%         4
 Lee's Rapid Deconstruct  Erth           0%         3d4*      100%        5
 Starburst                Conj/Fire      0%         6d3       100%        6


Dungeon Overview and Level Annotations

Branches:
Dungeon (7/15)             Temple (1/1) D:4           Sewer (visited)

Altars:
Ashenzari
Cheibriados
Dithmenos
Elyvilon
Fedhas
Gozag
Hepliaklqana
Kikubaaqudgha
Makhleb
Nemelex Xobeh
Okawaru
Qazlal
Ru
Sif Muna
Uskayaw
Vehumet
Wu Jian
Xom
Zin
The Shining One

Shops:
D:1 [   D:4 (   D:5 *


Innate Abilities, Weirdness & Mutations

You are a venomous arachnid creature.
You have venomous fangs.
You are tiny and dextrous.
Your spellcasting is less reliable in this form.
Your armour is entirely melded.
You are incapable of wielding weapons or throwing items.
((You can breathe blasts of fire.))
((Your fiery red scales are hard. (AC +6)))
You cannot fit into any form of body armour.
((Your flesh is heat resistant. (rF+)))
((You are cold-blooded and may be slowed by cold attacks.))


Message History

You hit the steam dragon.
The steam dragon is lightly wounded.
The gnoll bouda barks out a call to the hunt!
The gnoll picks up the pace!
The steam dragon barely misses you. x2
You hit the gnoll.
The gnoll is almost dead.
The gnoll misses you.
The steam dragon bites you but does no damage.
The steam dragon claws you.
A gnoll comes into view. It is wielding a +0 spear.
You barely miss the steam dragon.
The steam dragon is lightly wounded.
The gnoll completely misses you. The steam dragon breathes steam at you.
The ball of steam hits you!
* * * LOW HITPOINT WARNING * * *
The gnoll bouda misses you.
You spin and attack the gnoll bouda.
You hit the gnoll bouda.
The gnoll bouda is poisoned.
The gnoll bouda is lightly wounded.
You spin and attack the steam dragon repeatedly.
You bite the steam dragon!
The steam dragon looks even sicker.
The steam dragon is moderately wounded.
You hit the steam dragon.
The steam dragon looks as sick as possible!
The steam dragon is heavily wounded.
Your attacks no longer feel as feeble.
You kill the gnoll!
The Council accepts your kill. The gnoll completely misses you.
The gnoll bouda closely misses you. The steam dragon closely misses you.
The steam dragon claws you but does no damage.
You hit the steam dragon but do no damage.
The steam dragon looks as sick as possible!
The steam dragon is heavily wounded.
The gnoll hits you but does no damage. The gnoll bouda barely misses you.
The steam dragon breathes steam at you. The ball of steam hits you!!
You die...

#### #... #.).
###############)). ..
#s§).......<...)## #####.
....#####Dg##########..##
...... .....g.)g...#
##.## #####.
....###.###.# #..# . #.#
#.# ##.## #+###.# ##..#
+_ ..# ###..## ...# ##
#.####..>## ...# ##
#.##)).###


You could see a steam dragon (extremely poisoned, catching breath), a gnoll
bouda (very poisoned) and a gnoll (swift).

Vanquished Creatures
  Sigmund (D:2)
  A wyvern (D:4)
  Duvessa (D:6)
  A black bear (D:6)
  2 kobold brigands
  3 scorpions
  Dowan (D:6)
  6 hounds
  Crazy Yiuf (D:4)
  5 orc priests
  A jelly (D:7)
  2 iguanas
  6 orc wizards
  9 gnolls
  6 river rats
  6 adders
  An ufetubus (D:5)
  3 worms
  A dart slug (D:1)
  22 orcs
  2 bats (D:2)
  6 endoplasms
  3 giant cockroaches
  7 goblins
  5 hobgoblins
  4 jackals (D:5)
  19 kobolds
  3 quokkas
  10 ball pythons
  18 frilled lizards
  8 rats
164 creatures vanquished.

Vanquished Creatures (others)
  A gnoll (D:7)
  5 plants
6 creatures vanquished.

Grand Total: 170 creatures vanquished

Notes
Turn   | Place    | Note
-------+----------+-------------------------------------------
     0 | D:1      | CowFu the Draconian Transmuter began the quest for the Orb.
     0 | D:1      | Reached XP level 1. HP: 16/16 MP: 3/3
   107 | D:1      | Found Cucerhemn's Antique Armour Shoppe.
   136 | D:1      | Reached XP level 2. HP: 23/23 MP: 5/5
   817 | D:2      | Reached XP level 3. HP: 25/29 MP: 6/6
   832 | D:2      | Noticed Sigmund
   843 | D:1      | Learned a level 3 spell: Spider Form
   852 | D:2      | Killed Sigmund
   853 | D:2      | Reached XP level 4. HP: 25/38 MP: 4/7
   853 | D:2      | Reached XP level 5. HP: 30/45 MP: 4/8
  1844 | D:3      | Found a faded altar of an unknown god.
  2216 | D:3      | Found a broken altar of Ashenzari.
  2387 | D:4      | Reached XP level 6. HP: 51/51 MP: 7/9
  2447 | D:4      | Found a staircase to the Ecumenical Temple.
  2506 | Temple   | Entered the Ecumenical Temple
  2674 | Temple   | Became a worshipper of the Wu Jian Council
  3017 | D:4      | Found a runed translucent door.
  3018 | D:4      | Noticed Crazy Yiuf
  3081 | D:4      | Found Fohoic's Antique Weapon Shop.
  3298 | D:4      | Noticed a wyvern
  3313 | D:4      | Killed a wyvern
  3314 | D:4      | Your scales start taking on a fiery red colour.
  3314 | D:4      | Reached XP level 7. HP: 59/59 MP: 10/10
  3314 | D:4      | Gained mutation: Your flesh is heat resistant. (rF+) [Red
                  | Draconian growth]
  3542 | D:4      | Killed Crazy Yiuf
  3631 | D:5      | Entered Level 5 of the Dungeon
  3645 | D:5      | Found Xosi's Assorted Antiques.
  3651 | D:5      | Bought 2 potions of curing for 132 gold pieces
  3697 | D:5      | Found a sacrificial altar of Ru.
  3699 | D:5      | Found an ancient bone altar of Kikubaaqudgha.
  3724 | D:5      | Found a glowing drain.
  3733 | Sewer    | Entered a sewer
  3765 | Sewer    | Reached skill level 5 in Unarmed Combat
  3876 | Sewer    | Reached * piety under Wu Jian
  4669 | D:5      | Reached skill level 5 in Transmutations
  5267 | D:5      | Identified a scroll of acquirement
  5267 | D:5      | Acquired 644 gold pieces
  5280 | D:6      | Noticed Duvessa
  5280 | D:6      | Noticed Dowan
  5294 | D:6      | Killed Duvessa
  5294 | D:6      | Reached ** piety under Wu Jian
  5295 | D:6      | Reached XP level 8. HP: 47/66 MP: 8/11
  5295 | D:6      | Killed Dowan
  5387 | D:6      | Reached skill level 5 in Dodging
  6329 | D:7      | Reached skill level 1 in Evocations
  6613 | D:7      | Found a shadowy altar of Dithmenos.
  6712 | D:7      | Got Sif Muna's Quarto of Calid Quicksand
  6727 | D:7      | Learned a level 2 spell: Passwall
  6749 | D:7      | Killed from afar by a steam dragon

Illustrated notes

Levels and vault maps discovered:
D:1:      pf_arrival_petrified_forest, layout_loops_cross, serial_shops,
          nicolae_square_shop, minmay_lizard_king
D:2:      layout_rooms, uniq_sigmund
D:3:      layout_loops_ring, nicolae_overflow_hidden_temple,
          shapermc_ecumenical_altar_ellora
D:4:      layout_loops_ring, temple_pool_b, serial_shops,
          nicolae_shop_statue_plus, chequers_serial_rivers_micro_c, minivault_5,
          chequers_serial_rivers_room_b, uniq_crazy_yiuf_cottage
D:5:      layout_basic, chequers_temple_overflow_statue_of_worship,
          serial_shops, nicolae_shop_advertising_works
          [nicolae_subvault_shop_adworks], portal_sewer_entry_b,
          dreamdust_wishing_well, nrook_campfire
D:6:      layout_basic, uniq_duvessa
D:7:      layout_rooms, lemuel_doored_altar, uniq_joseph
Temple:   compressed_dpeg_triangle_lava_temple

Skill      XL: |  1  2  3  4  5  6  7  8 |
---------------+-------------------------+-----
Dodging        | 2 3 4 5 |  5.8
Fighting       | 3 4 |  4.0
Unarmed Combat | 4 5 6 |  6.8
Transmutations | 3 4 5 6 |  6.4
Evocations     | 1 |  1.8
Spellcasting   | |  2.0

Action                     |  1- 3 |  4- 6 |  7- 9 || total
---------------------------+-------+-------+-------++-------
  Melee: Unarmed           |    71 |   135 |   351 ||   557
         Headbutt          |     8 |    15 |     6 ||    29
         Tailslap          |     4 |    17 |    13 ||    34
         Punch             |     4 |     2 |     3 ||     9
         Kick              |    10 |    29 |    14 ||    53
   Cast: Beastly Appendage |    13 |    33 |     5 ||    51
         Spider Form       |     1 |       |    33 ||    34
         Passwall          |       |       |     2 ||     2
Ability: Lunge             |       |     8 |    13 ||    21
         Whirlwind         |       |       |     9 ||     9
         Wall Jump         |       |       |     1 ||     1
    Use: Scroll            |       |       |    18 ||    18
   Stab: Sleeping          |     1 |       |       ||     1
 Armour: Skin              |    16 |    43 |    80 ||   139
  Dodge: Dodged            |    35 |    66 |   256 ||   357

Table legend: (Time is in decaauts)
 A = Elapsed time spent in this place.
 B = Non-inter-level travel time spent in this place.
 C = Inter-level travel time spent in this place.
 D = Time resting spent in this place.
 E = Time spent auto-exploring this place.
 F = Levels seen in this place.
 G = Mean time per level.
                   A        B        C        D        E       F      G
               +--------+--------+--------+--------+--------+-----+--------+
         Total |   6747 |   6499 |    248 |      0 |   4958 |   9 |  749.7 |
       Dungeon |   5990 |   5742 |    248 |      0 |   4494 |   7 |  855.7 |
        Temple |    176 |    176 |      0 |      0 |    143 |   1 |  176.0 |
         Sewer |    580 |    580 |      0 |      0 |    321 |   1 |  580.0 |
               +--------+--------+--------+--------+--------+-----+--------+

Top non-repeatable levels by time:
     D:4: 1188 daAuts
     D:5: 1083 daAuts
     D:3: 884 daAuts
     D:6: 830 daAuts
     D:1: 804 daAuts
     D:7: 632 daAuts
   Sewer: 580 daAuts
     D:2: 567 daAuts
  Temple: 176 daAuts
